 Dungeon Crawl Stone Soup version 0.31.0-12-g77e489cdc1 (webtiles) character file.

Game seed: 18442771485331998810

529 Killerpretzel the Changeling (level 7, -5/46 HPs)
             Began as an Octopode Shapeshifter on Feb 11, 2024.
             Slain by a gnoll
             ... wielding a +0 flail
             ... led by a gnoll bouda
              (6 damage)
             ... on level 5 of the Dungeon.
             The game lasted 00:07:44 (4128 turns).

Killerpretzel the Changeling (OpSh)                 Turns: 4128, Time: 00:07:45

Health: -5/46      AC:  1    Str: 13    XL:     7   Next: 24%
Magic:  7/7        EV: 14    Int: 13    God:
Gold:   177        SH:  0    Dex: 13    Spells: 6/6 levels left

rFire   . .          .
                       - Unarmed
rCold   . . .        (no shield)
rNeg    + + .        (helmet currently unavailable)
rPois   .            (no amulet)
rElec   .            k - ring of positive energy
rCorr   .            l - ring of positive energy
SInv    .            (no ring)
Will    .....        (no ring)
Stlth   ++           (no ring)
HPRegen 0.27/turn    (no ring)
MPRegen 0.10/turn    (no ring)
                     (no ring)

%: no passive effects
@: beast-form, weakened
A: beast (slay +2), almost no armour, amphibious, 8 rings, camouflage 1,
gelatinous body 1, (nimble swimmer 1), tentacles
a: Begin Untransformation


You were on level 5 of the Dungeon.
You were a hulking beast.
You visited 2 branches of the dungeon, and saw 6 of its levels.

You collected 177 gold pieces.

Inventory:

Missiles
 o - 6 boomerangs (quivered)
 q - a throwing net
Jewellery
 k - a ring of positive energy (left tentacle)
 l - a ring of positive energy (right tentacle)
 m - a ring of fire
Talismans
 b - a beast talisman
 c - a flux talisman
 p - a blade talisman
Scrolls
 a - a scroll of fear {unknown}
 e - a scroll of identify
 f - 2 scrolls of vulnerability
 i - a scroll of teleportation
 j - a scroll of enchant armour
Potions
 d - a potion of enlightenment
 g - 2 potions of resistance
 h - 6 potions of curing


   Skills:
 + Level 3.3 Fighting
 + Level 3.8 Dodging
 + Level 4.4 Unarmed Combat
 * Level 5.2 Shapeshifting


You had 6 spell levels left.
You didn't know any spells.
Your spell library contained the following spells:

 Spells                   Type           Power      Damage    Failure   Level
 Apportation              Tloc           0%         N/A       30%         1
 Necrotise                Necr           0%         1d4       30%         1
 Sting                    Conj/Alch      0%         1d3       30%         1
 Summon Small Mammal      Summ           0%         N/A       30%         1


Dungeon Overview and Level Annotations

Branches:
Dungeon (5/15)             Temple (1/1) D:5

Altars:
Ashenzari
Cheibriados
Fedhas
Gozag
Hepliaklqana
Nemelex Xobeh
Okawaru
Qazlal
Ru
Sif Muna
Trog
Uskayaw
Wu Jian
Xom
Yredelemnul
Zin
The Shining One

Shops:
D:1 =   D:2 [


Innate Abilities, Weirdness & Mutations

You are a hulking beast.
Your limbs bulge with bestial killing power. (Slay +2)
You cannot wear most types of armour.
You are amphibious.
You can wear up to eight rings at the same time.
Your skin changes colour to match your surroundings (Stealth+).
Your rubbery body absorbs attacks. (AC +1, EV +1)
((You are camouflaged when in or above water. (Stealth+)))
You have tentacles for arms and can constrict up to eight enemies at once.


Message History

The gnoll is severely wounded.
The gnoll hits you from afar with a +0 spear.
The gnoll closely misses you. The gnoll barely misses you.
You barely miss the gnoll. You grab the gnoll.
The gnoll is severely wounded.
You constrict the gnoll. The gnoll completely misses you.
The gnoll closely misses you. The gnoll hits you with a +0 club.
You tentacle-slap the gnoll.
You kill the gnoll!
The gnoll hits you from afar with a +0 spear.
The gnoll misses you.
The gnoll bouda hits you with a +0 club.
* * * LOW HITPOINT WARNING * * *
You feel much better.
The gnoll hits you from afar with a +0 spear!
The gnoll hits you with a +0 club! The gnoll attacks as it pursues you!
The gnoll hits you with a +0 flail!
The gnoll bouda hits you with a +0 club.
The gnoll misses you.
The gnoll bouda gazes fiercely through you!
You feel as though you will be weak longer.
The gnoll hits you with a +0 club!
* * * LOW HITPOINT WARNING * * *
You barely miss the gnoll bouda. You grab the gnoll bouda.
You squeeze the gnoll bouda!
The gnoll bouda is heavily wounded.
You constrict the gnoll bouda. The gnoll closely misses you. x2
You tentacle-slap the gnoll bouda but do no damage.
The gnoll bouda is heavily wounded.
You constrict the gnoll bouda.
The gnoll is no longer moving quickly.
The gnoll barely misses you.
The gnoll bouda barks out a call to the hunt!
The gnoll picks up the pace!
The gnoll closely misses you.
The gnoll hits you from afar with a +0 spear.
* * * LOW HITPOINT WARNING * * *
You tentacle-slap the gnoll bouda.
The gnoll bouda is severely wounded.
You constrict the gnoll bouda. The gnoll hits you with a +0 flail.
You die...

...#....#.....'....#.............
...#....#.....#....#..÷..........
##'###'##.....#....+.............
#.............#....#.............
#.............#..................
#.............#......8.8.8.......
#.....).......#....#.⌠[⌠.⌠.......
#.............##+###.............
...#+####.......hgg....>..#####..
........#.......ggg.##...##...# g
_.......#...........#.........#
8_......#...........+.........#
_.......#...........#...>##...#
........#######.....##+####...##
..#...........#.....#....##....#
..#...........#.....+....#.....+
..#...........#.....#....#.....#


You could see a gnoll bouda and 4 gnolls.

Vanquished Creatures
  A sky beast (D:4)
  An ogre (D:4)
  A scorpion (D:5)
  A hound (D:4)
  An iguana (D:5)
  2 orc wizards (D:4)
  6 adders
  4 gnolls
  3 dart slugs
  A ribbon worm (D:2)
  14 orcs
  6 endoplasms
  3 giant cockroaches
  9 goblins
  11 hobgoblins
  A kobold (D:1)
  3 quokkas
  9 ball pythons
  4 bats
  2 frilled lizards
  4 rats
87 creatures vanquished.

Notes
Turn   | Place    | Note
-------+----------+-------------------------------------------
     0 | D:1      | Killerpretzel the Octopode Shapeshifter began the quest for
                  | the Orb.
     0 | D:1      | Reached XP level 1. HP: 13/13 MP: 1/1
   170 | D:1      | Reached XP level 2. HP: 14/18 MP: 2/2
   658 | D:1      | Reached XP level 3. HP: 23/23 MP: 3/3
   727 | D:1      | Found Recuda's Jewellery Shoppe.
   977 | D:2      | Found a broken altar of Ashenzari.
  1298 | D:2      | Found Gamofej's Armour Shoppe.
  1516 | D:3      | Reached XP level 4. HP: 29/29 MP: 4/4
  2257 | D:3      | Reached skill level 4 in Shapeshifting
  2257 | D:3      | Reached XP level 5. HP: 26/34 MP: 5/5
  2587 | D:4      | Noticed an ogre
  2864 | D:4      | Killed an ogre
  2957 | D:4      | Reached XP level 6. HP: 23/41 MP: 6/6
  3090 | D:4      | Noticed a sky beast
  3102 | D:4      | Killed a sky beast
  3513 | D:4      | Reached skill level 5 in Shapeshifting
  3578 | D:5      | Entered Level 5 of the Dungeon
  3606 | D:5      | Reached XP level 7. HP: 40/46 MP: 7/7
  3743 | D:5      | Found a staircase to the Ecumenical Temple.
  3748 | D:5      | Identified the +0 helmet of Impatience {Harm Dex+2 Stlth+}
  3752 | Temple   | Entered the Ecumenical Temple
  3866 | D:5      | Found a sacrificial altar of Ru.
  3867 | D:5      | Found a glowing golden altar of the Shining One.
  3867 | D:5      | Found a basalt altar of Yredelemnul.
  3868 | D:5      | Found a shimmering altar of Xom.
  4127 | D:5      | HP: 1/46 [gnoll/+0 spear[a gnoll bouda] (5)]
  4128 | D:5      | Slain by a gnoll

Illustrated notes

Levels and vault maps discovered:
D:1:      hellmonk_arrival_library, layout_basic, serial_shops, shop_fountains,
          minmay_box_of_dots
D:2:      layout_rooms, basic_altar, serial_shops, shop, grunt_ministairs_7,
          palyth_stone_intersect, st_stairs_5
D:3:      layout_basic
D:4:      layout_basic, hangedman_abyss_or_decor_lesser_grid
D:5:      layout_gridville, chequers_temple_overflow_statue_of_worship,
          minmay_temple_entry_drinking_statues, minmay_misc_feat_more_columns
Temple:   hellmonk_temple_flake

Skill      XL: |  1  2  3  4  5  6 |
---------------+-------------------+-----
Fighting       | 2 3 |  3.3
Shapeshifting  | 4 5 |  5.2
Dodging        | 3 |  3.8
Unarmed Combat | 4 |  4.4

Action                     |  1- 3 |  4- 6 |  7- 9 || total
---------------------------+-------+-------+-------++-------
  Melee: Unarmed           |    73 |   100 |    21 ||   194
         Constrict         |    20 |    18 |     8 ||    46
         Tentacles         |    14 |    16 |     8 ||    38
         Punch             |       |     2 |       ||     2
    Use: Scroll            |     6 |     5 |       ||    11
         Potion            |       |     3 |     2 ||     5
   Stab: Sleeping          |    13 |     6 |       ||    19
         Distracted        |     1 |       |       ||     1
 Armour: Skin              |    18 |    43 |    34 ||    95
  Dodge: Dodged            |    31 |    30 |    24 ||    85
